Map: Kairos Junction LE

Players

DarwinAwdWnr

  • Race: Zerg Zerg
  • League: Gold
  • Spawn Location: 11:00

HOTBOXinHere - Winner!

  • Race: Protoss Protoss
  • Spawn Location: 5:00

VOD

Have the link to the VOD?

Description

Time

  • Played on: June 24, 2019, 9:04 a.m.
  • Length: 6:22
Show
View Real Time Build Order
Export as new Build Order

DarwinAwdWnr Zerg 

Build Orders: Hatch First 

Get SALT Encoding   

  12  0:01  Drone  
  13  0:10  Drone  
  14  0:22  Overlord  
  14  0:42  Drone x3  
  17  0:55  Hatchery  
  16  1:27  Drone  
  16  1:28  Drone x2  
  19  1:41  Extractor  
  19  1:45  Spawning Pool  
  17  1:57  Drone x2  
  18  2:46  Queen x2  
  18  2:47  Zergling x12  
  25  2:57  Metabolic Boost  
  25  3:02  Zergling x4  
  27  3:12  Zergling x2  
  26  3:48  Lair  
  26  4:07  Overlord x2  
  26  4:38  Hatchery  
  25  5:00  Nydus Network  
  24  5:23  Nydus Network  
  23  5:48  Nydus Canal  
Show
View Real Time Build Order
Export as new Build Order

HOTBOXinHere Protoss - Winner!

Build Orders:  

Get SALT Encoding   

  12  0:02  Probe  
  13  0:14  Probe  
  13  0:18  Pylon  
  14  0:23  Pylon  
  14  0:26  Probe  
  15  0:41  Probe  
  16  0:43  Forge  
  16  0:53  Probe  
  17  1:00  Pylon  
  17  1:06  Probe  
  18  1:16  Gateway  
  17  1:35  Pylon  
  17  1:47  Probe  
  18  1:55  Probe, Gateway  
  19  2:11  Photon Cannon, Pylon  
  19  2:13  Photon Cannon  
  19  2:35  Photon Cannon  
  19  2:51  Pylon  
  19  3:05  Cybernetics Core  
  19  3:07  Photon Cannon  
  19  3:09  Photon Cannon  
  19  3:11  Photon Cannon  
  19  3:13  Photon Cannon  
  19  3:20  Pylon  
  19  3:24  Gateway  
  19  3:28  Gateway  
  19  3:46  Assimilator  
  19  3:50  Assimilator  
  19  3:54  Nexus  
  19  4:01  Pylon  
  19  4:10  Assimilator  
  19  4:14  Assimilator  
  19  4:19  Pylon  
  19  4:36  Probe  
  20  4:45  Stargate  
  20  4:48  Probe  
  20  4:50  Shield Battery  
  21  4:58  Pylon  
  21  5:04  Probe  
  22  5:08  Probe  
  22  5:12  Probe  
  23  5:16  Probe  
  23  5:20  Probe  
  26  5:30  Pylon  
  26  5:35  Probe  
  26  5:37  Probe  
  28  5:47  Probe, Phoenix  
  28  5:49  Probe  
  32  5:57  Photon Cannon  
Tags
 
League
Gold
Matchup
PvZ
Replay Pack
10.7.19
Spawn Locations
Cross Positions
Add a new tag
Caveats
  • Supply blocks, unpowered buildings, or Contaminate may cause inaccurate times.
  • Supply counts are checked every 10 seconds.